[Event "ICC tourney 2833 (40 10)"]
[Site "Internet Chess Club"]
[Date "2022.02.26"]
[Round "5"]
[White "GUO, ELLA:SunnyCountry"]
[Black "Mishra, Abhinav:acm9000"]
[Result "1/2-1/2"]
[ICCResult "Game drawn by mutual agreement"]
[WhiteElo "1379"]
[BlackElo "1242"]
[Opening "Giuoco Piano"]
[ECO "C54"]
[NIC "IG.02"]
[Time "20:00:09"]
[PlyCount "80"]
[TimeControl "2400+10"]

1. e4 e5 2. Nf3 Nc6 3. Bc4 Bc5 4. c3 Nf6 5. d3 O-O 6. Nbd2 d5 7. exd5 Nxd5
8. O-O Bg4 9. Re1 Nf4 10. Ne4 Bb6 11. a4 Kh8 12. h3 Bxf3 13. Qxf3 f5 14. Ng3
Ng6 15. b4 a5 16. b5 Nce7 17. Qe2 c6 18. Bg5 Qd6 19. Qd2 Rae8 20. Bxe7 Qxe7
21. d4 Qd6 22. bxc6 bxc6 23. Rab1 Qd8 24. Red1 f4 25. Ne4 exd4 26. Nd6 Qxd6
27. Rxb6 Qc5 28. Qxd4 Qg5 29. Rxc6 Ne5 30. Qd5 Rf5 31. Re6 Ref8 32. Qe4 Nxc4
33. Qxc4 Qh5 34. Rd3 f3 35. Rxf3 Rxf3 36. gxf3 Qxh3 37. Re3 h6 38. Qe4 Rb8
39. Re1 Rf8 40. Re3 Qd7 {Game drawn by mutual agreement} 1/2-1/2

[Event "ICC tourney 2833 (40 10)"]
[Site "Internet Chess Club"]
[Date "2022.02.26"]
[Round "5"]
[White "JACKSON, MASSIMO MATEO:Yeetamus123"]
[Black "Feng, Jay:TheDeadlyPawn"]
[Result "1/2-1/2"]
[ICCResult "Game drawn by mutual agreement"]
[WhiteElo "1470"]
[BlackElo "1569"]
[Opening "Caro-Kann: exchange, Rubinstein variation"]
[ECO "B13"]
[NIC "CK.02"]
[Time "20:00:10"]
[PlyCount "57"]
[TimeControl "2400+10"]

1. e4 c6 2. d4 d5 3. exd5 cxd5 4. Bd3 Nc6 5. c3 Nf6 6. Bf4 Bg4 7. Qb3 Qd7 8.
Nd2 e6 9. Ngf3 a6 10. Qa4 Be7 11. Bb5 Rc8 12. Bxc6 Qxc6 13. Qxc6+ bxc6 14.
O-O O-O 15. Ne5 Bf5 16. Nb3 c5 17. dxc5 Bxc5 18. Nxc5 Rxc5 19. Bg5 Rc7 20.
Bf4 Rb7 21. b3 Nd7 22. Nc6 Re8 23. Nd4 Bg6 24. Rfe1 Nc5 25. Bg3 Ne4 26. Rac1
Rc8 27. Re3 Nxg3 28. hxg3 Rbc7 29. Ne2 {Game drawn by mutual agreement}
1/2-1/2

[Event "ICC tourney 2833 (40 10)"]
[Site "Internet Chess Club"]
[Date "2022.02.26"]
[Round "5"]
[White "JING, ANDREW:andrewj508"]
[Black "QI, JENNY:eevee11"]
[Result "1-0"]
[ICCResult "Black checkmated"]
[WhiteElo "1466"]
[BlackElo "1402"]
[Opening "Réti: old Indian attack"]
[ECO "A00"]
[NIC "VO.13"]
[Time "20:00:06"]
[PlyCount "133"]
[TimeControl "2400+10"]

1. d3 d5 2. Nf3 Nf6 3. Bf4 g6 4. Nbd2 Bg7 5. d4 O-O 6. e3 c5 7. c3 Qb6 8.
Qb3 Qxb3 9. axb3 cxd4 10. exd4 Nc6 11. Bd3 Nd7 12. O-O a6 13. Rfe1 h6 14. h3
Nf6 15. Ne5 Nxe5 16. Bxe5 Bd7 17. b4 Rfe8 18. Nb3 Bc8 19. Nc5 Nd7 20. Bxg7
Kxg7 21. Bc2 Nxc5 22. bxc5 Bd7 23. b4 Bb5 24. Bb3 e6 25. Ba4 Bxa4 26. Rxa4
f6 27. f4 g5 28. fxg5 hxg5 29. Ra2 Kf7 30. Rf1 Rf8 31. Raf2 Ke7 32. Ra2 Kd7
33. Re1 Rae8 34. Ra5 Kc6 35. Rb1 e5 36. b5+ axb5 37. Raxb5 Rb8 38. Rb6+ Kc7
39. Rd6 Rbd8 40. Rbb6 exd4 41. cxd4 f5 42. Rxd8 Kxd8 43. Rxb7 Kc8 44. Rg7 g4
45. hxg4 fxg4 46. Rxg4 Rf5 47. Kh2 Kc7 48. Kg3 Rf6 49. Rf4 Re6 50. Kg4 Rg6+
51. Kf3 Re6 52. g4 Kd7 53. g5 Rg6 54. Kg4 Ke7 55. Rf6 Rg7 56. Kf5 Kd7 57. g6
Kc8 58. Rf7 Rg8 59. g7 Kd8 60. Rf8+ Rxf8+ 61. gxf8=Q+ Kd7 62. Qd6+ Ke8 63.
Qxd5 Kf8 64. Qd7 Kg8 65. c6 Kh8 66. c7 Kg8 67. c8=Q# {Black checkmated} 1-0

[Event "ICC tourney 2833 (40 10)"]
[Site "Internet Chess Club"]
[Date "2022.02.26"]
[Round "5"]
[White "BRUDNO, STEPHEN:StevChess01"]
[Black "DUDEK, CASIMIR:K06-30101045"]
[Result "1/2-1/2"]
[ICCResult "Game drawn by mutual agreement"]
[WhiteElo "1449"]
[BlackElo "1713"]
[Opening "King's Indian: Sämisch, orthodox variation"]
[ECO "E85"]
[NIC "KI.43"]
[Time "20:00:07"]
[PlyCount "78"]
[TimeControl "2400+10"]

1. d4 Nf6 2. c4 g6 3. f3 d6 4. e4 Bg7 5. Nc3 O-O 6. Be3 e5 7. Nge2 a5 8. Qd2
Nfd7 9. d5 f5 10. O-O-O f4 11. Bf2 b6 12. Kb1 Ba6 13. Nc1 Nc5 14. b3 Bc8 15.
Nd3 Bd7 16. Nxc5 bxc5 17. a4 Na6 18. Nb5 Bxb5 19. cxb5 Nb4 20. Bc4 Qf6 21.
Rhf1 g5 22. h3 h5 23. Rh1 Qg6 24. Kb2 g4 25. hxg4 hxg4 26. Rdg1 Kf7 27. Rh4
g3 28. Be1 Rh8 29. Rgh1 Ke7 30. Qe2 Rxh4 31. Rxh4 Rh8 32. Rxh8 Bxh8 33. Bxb4
cxb4 34. Qc2 Qe8 35. Bd3 Qb8 36. Qc6 Qa7 37. b6 Qxb6 38. Qxb6 cxb6 39. Bb5
Kd8 {Game drawn by mutual agreement} 1/2-1/2

[Event "ICC tourney 2833 (40 10)"]
[Site "Internet Chess Club"]
[Date "2022.02.26"]
[Round "5"]
[White "S.M, UMER:uncrackable"]
[Black "NEMMALI, PRATEEK R:Priccchess"]
[Result "1/2-1/2"]
[ICCResult "Game drawn by repetition"]
[WhiteElo "1771"]
[BlackElo "1816"]
[Opening "Queen's pawn game"]
[ECO "D02"]
[NIC "QP.08"]
[Time "20:00:12"]
[PlyCount "94"]
[TimeControl "2400+10"]

1. d4 d5 2. Nf3 e6 3. Bf4 Nf6 4. e3 Bd6 5. Bg3 O-O 6. Nbd2 c5 7. c3 Nc6 8.
Bd3 h6 9. dxc5 Bxc5 10. Qe2 Bd6 11. e4 dxe4 12. Nxe4 Nxe4 13. Bxe4 e5 14.
O-O-O Qe7 15. Rhe1 Re8 16. Bxc6 bxc6 17. Qd2 Bc7 18. Bxe5 Bxe5 19. Rxe5 Be6
20. Nd4 Qd6 21. f4 Bxa2 22. b3 c5 23. Qxa2 cxd4 24. Rxd4 Qc6 25. Qd2 Rxe5
26. fxe5 Qb5 27. Rd8+ Rxd8 28. Qxd8+ Kh7 29. Kc2 Qxe5 30. Qd3+ g6 31. Qf3
Kg7 32. g3 Qa5 33. Kb2 Qe5 34. Qf2 a6 35. Kc2 Qe4+ 36. Kb2 Qe5 37. Kc2 Qe4+
38. Kb2 Qd3 39. b4 Qc4 40. Qd2 Qe4 41. Qc2 Qc4 42. Qd2 Qe4 43. Qc2 Qc4 44.
Qd2 Qe4 45. Qc2 Qc4 46. Qd2 Qe4 47. Qc2 Qc4 {Game drawn by repetition}
1/2-1/2

[Event "ICC tourney 2833 (40 10)"]
[Site "Internet Chess Club"]
[Date "2022.02.26"]
[Round "5"]
[White "SHANKAR, AASHRITHA VIDHYA:aashushankar"]
[Black "GHOSH, YOHAN:luckylion"]
[Result "1/2-1/2"]
[ICCResult "Game drawn because neither player has mating material"]
[WhiteElo "1450"]
[BlackElo "995"]
[Opening "Ruy Lopez: Morphy defense"]
[ECO "C77"]
[NIC "RL.12"]
[Time "20:00:56"]
[PlyCount "129"]
[TimeControl "2400+10"]

1. e4 e5 2. Nf3 Nc6 3. Bb5 a6 4. Ba4 Nf6 5. c3 Bc5 6. O-O b5 7. Bb3 d6 8. d4
Bb6 9. h3 O-O 10. Re1 Bb7 11. a4 Re8 12. Bc2 h6 13. Be3 exd4 14. Bxd4 Nxd4
15. Nxd4 Nxe4 16. Nd2 Bxd4 17. Bxe4 Bxe4 18. Nxe4 Bb6 19. a5 Ba7 20. b4 Qh4
21. Qf3 Re6 22. Ng3 Rxe1+ 23. Rxe1 Qd8 24. Re7 Qf8 25. Rxc7 Bb8 26. Rxf7
Qxf7 27. Qxa8 Qa7 28. Qxa7 Bxa7 29. Ne4 Bb8 30. Kf1 Kf7 31. Ke2 Ke6 32. f3
Ba7 33. Kd3 Ke5 34. Nd2 Kf4 35. Nf1 d5 36. Ke2 d4 37. cxd4 Bxd4 38. g3+ Kf5
39. Kd3 Ke5 40. Nd2 Bf2 41. Ne4 Be1 42. Nc5 Bxb4 43. Nxa6 Bxa5 44. f4+ Kf5
45. Ke3 h5 46. Kf3 b4 47. Nc5 Bb6 48. Nb3 Ba7 49. g4+ Kg6 50. Ke4 Bb6 51.
Kd5 Be3 52. Ke5 Bb6 53. Ke6 Be3 54. Ke5 Bb6 55. Ke6 Bc7 56. f5+ Kg5 57. gxh5
Kxh5 58. f6 gxf6 59. Kxf6 Kh4 60. Ke6 Kxh3 61. Kd5 Bg3 62. Kc4 Be1 63. Nd4
Kg2 64. Nc2 Bc3 65. Nxb4 {Game drawn because neither player has mating
material} 1/2-1/2

[Event "ICC tourney 2833 (40 10)"]
[Site "Internet Chess Club"]
[Date "2022.02.26"]
[Round "5"]
[White "HOSSAIN, AZHER:Azher2009"]
[Black "Nestler, Matthew:nessie"]
[Result "1-0"]
[ICCResult "Black checkmated"]
[WhiteElo "1799"]
[BlackElo "1830"]
[Opening "Réti opening"]
[ECO "A11"]
[NIC "RE.07"]
[Time "20:00:11"]
[PlyCount "131"]
[TimeControl "2400+10"]

1. Nf3 d5 2. c4 c6 3. g3 Nf6 4. Bg2 Qb6 5. Qb3 Bf5 6. d3 e6 7. cxd5 exd5 8.
Be3 Qxb3 9. axb3 a6 10. Nd4 Bg6 11. h3 Bd6 12. f4 h5 13. Bd2 O-O 14. b4 Nbd7
15. Bf3 Rfe8 16. Kf1 c5 17. bxc5 Bxc5 18. Nb3 Ba7 19. Nc3 d4 20. Na4 Rac8
21. Bxb7 Rb8 22. Na5 Nc5 23. Nxc5 Bxc5 24. b4 Bd6 25. Rb1 Re7 26. Bf3 Rc7
27. Nc6 Rbc8 28. Nxd4 Ne8 29. Kg2 Be7 30. b5 axb5 31. Nxb5 Rc2 32. Rhc1 Bxd3
33. Nd4 Rxc1 34. Rxc1 Rxc1 35. Bxc1 Ba6 36. Bxh5 Nf6 37. Bf3 Bc5 38. Bb2 Nd7
39. Nc6 Nb6 40. Bd4 Bxd4 41. Nxd4 Nc4 42. Kf2 Bc8 43. h4 f6 44. Bd5+ Kh7 45.
Bxc4 Kh6 46. Bd5 Kh5 47. Bf3+ Kg6 48. e4 Kh6 49. e5 fxe5 50. fxe5 g5 51.
hxg5+ Kxg5 52. Ke3 Kg6 53. Kf4 Kf7 54. g4 Ke7 55. g5 Kf7 56. Bd5+ Kg7 57.
Nf5+ Kf8 58. g6 Bxf5 59. Kxf5 Kg7 60. e6 Kf8 61. e7+ Kxe7 62. g7 Ke8 63.
g8=Q+ Kd7 64. Qe6+ Kc7 65. Qc6+ Kb8 66. Qb7# {Black checkmated} 1-0